 Dungeon Crawl Stone Soup version 0.22-a0-253-gf9d0ce5 (webtiles) character file.

138 GameOver the Sneak (level 5, -4/42 HPs)
             Began as a Naga Wizard on Mar 3, 2018.
             Killed from afar by Phong's ghost (20 damage)
             ... with a spray of energy
             ... on level 4 of the Dungeon.
             The game lasted 00:10:15 (1643 turns).

GameOver the Sneak (Naga Wizard)                    Turns: 1643, Time: 00:10:15

Health: -4/42      AC:  4    Str: 10    XL:     5   Next: 21%
Magic:  18/18      EV: 10    Int: 19    God:
Gold:   187        SH:  0    Dex:  9    Spells: 2/10 levels left

rFire    . . .     SeeInvis +   n - +0 mace
rCold    + . .     Gourm    .   (no shield)
rNeg     . . .     Faith    .   a - +0 robe
rPois    +         Spirit   .   g - +0 helmet
rElec    .         Reflect  .   f - +0 cloak
rCorr    .         Harm     .   (no gloves)
MR       .....                  (no barding)
Stlth    +++.......             (no amulet)
HPRegen  0.14/turn              m - ring of magical power
MPRegen  0.16/turn              (no ring)

@: very slow
A: large, see invisible, cold resistance 1, deformed body, poison resistance,
slowness 2, slow metabolism 1, spit poison 1, subdued magic 1, AC +1
a: Spit Poison


You were on level 4 of the Dungeon.
You were hungry.

You visited 1 branch of the dungeon, and saw 5 of its levels.

You collected 187 gold pieces.

Inventory:

Hand Weapons
 b - a +0 halberd
 c - a +0 short sword
 n - a +0 mace (weapon)
 t - a +0 spear
 v - a +0 war axe
Missiles
 u - 16 arrows
Armour
 a - a +0 robe (worn)
 f - a +0 cloak (worn)
 g - a +0 helmet (worn)
 h - a +0 leather armour
Jewellery
 m - a ring of magical power (left hand)
 q - an uncursed ring of wizardry {unknown}
Wands
 s - a wand of enslavement (9)
Scrolls
 e - 4 scrolls of fear {unknown}
 l - 2 scrolls of enchant weapon {unknown}
 o - 2 scrolls of teleportation {unknown}
 r - a scroll of remove curse {unknown}
 x - a scroll of fog {unknown}
Potions
 j - 2 potions of curing
 w - a potion of lignification {unknown}
Comestibles
 d - 6 rations
 k - a chunk of flesh


   Skills:
 - Level 1.5 Dodging
 + Level 4.9 Stealth
 - Level 3.0 Spellcasting
 * Level 3.7 Conjurations
 - Level 1.0 Summonings
 - Level 1.0 Translocations
 * Level 1.1 Air Magic
 + Level 0.8 Poison Magic


You had 2 spell levels left.
You knew the following spells:

 Your Spells              Type           Power        Failure   Level  Hunger
a - Magic Dart            Conj           ##..         2%          1    None
b - Blink                 Tloc           N/A          13%         2    ##.....
q - Call Imp              Summ           #.......     13%         2    ##.....
s - Mephitic Cloud        Conj/Pois/Air  #.......     17%         3    ###....


Dungeon Overview and Level Annotations

Branches:
Dungeon (5/15)
 Temple: D:4-7

Altars:
Okawaru
Zin

Annotations:
D:4 Phong's ghost, amateur OpCj


Innate Abilities, Weirdness & Mutations

You cannot wear boots.
Your serpentine skin is tough. (AC +1)
You have supernaturally acute eyesight. (SInv)
Armour fits poorly on your strangely shaped body.
Your system is resistant to poisons. (rPois)
You cover ground very slowly.
You have a slow metabolism.
You can spit poison.
Your flesh is cold resistant. (rC+)
Your spells are a little easier to cast, but a little less powerful.


Message History

The crimson imp hits your crimson imp.
Your crimson imp hits Phong's ghost.
There is an open door here.
Phong's ghost wails.
Phong's ghost hits you.
You bump into the rock wall.
Your crimson imp hits Phong's ghost.
The crimson imp barely misses your crimson imp.
Phong's ghost misses your crimson imp.
You closely miss Phong's ghost.
Phong's ghost is heavily damaged.
You feel less invigorated.
You feel less confused.
Your crimson imp blinks!
Phong's ghost stares at you and mumbles some strange words.
The spray of energy hits you!
It was a potion of mutation.
You feel extremely strange.
Your connection to magic feels subdued.
You feel resistant to cold. The crimson imp puffs mist at you.
Phong's ghost stares at you and mumbles some strange words.
The spray of energy hits you!
You die...

#.##.......##
...##.#.........#
#....'.........+
#.........#
##.5.....##
##.....## ##.5.##
##W## #@# #
#.####.#
#.####.##.#.#
.............#
.#.##......#....
##...#.# #
##.##.#####.#
####.......#
#########


You could see Phong's ghost, a crimson imp and a friendly crimson imp.

Vanquished Creatures
  Jessica (D:2)
  A howler monkey skeleton (D:5)
  A gnoll (D:2)
  4 adders (D:2)
  A worm (D:2)
  2 giant cockroaches
  8 goblins
  4 hobgoblins
  6 jackals
  8 kobolds
  2 ball pythons
  8 bats
  2 frilled lizards
  A leopard gecko skeleton (D:4)
  5 rats
54 creatures vanquished.

Notes
Turn   | Place    | Note
-------+----------+-------------------------------------------
     0 | D:1      | GameOver the Naga Wizard began the quest for the Orb.
     0 | D:1      | Reached XP level 1. HP: 15/15 MP: 4/4
    72 | D:1      | Reached XP level 2. HP: 22/22 MP: 4/6
   630 | D:2      | Noticed Jessica
   633 | D:2      | Killed Jessica
   633 | D:2      | Reached skill level 4 in Stealth
   633 | D:2      | Reached XP level 3. HP: 28/28 MP: 4/7
   637 | D:2      | Learned a level 2 spell: Blink
   640 | D:2      | Learned a level 2 spell: Call Imp
   644 | D:2      | Learned a level 3 spell: Mephitic Cloud
   696 | D:2      | Reached XP level 4. HP: 36/36 MP: 4/8
   929 | D:2      | Found a glowing silver altar of Zin.
  1153 | D:2      | Found an iron altar of Okawaru.
  1367 | D:2      | Reached XP level 5. HP: 42/42 MP: 9/9
  1486 | D:3      | Reached skill level 1 in Air Magic
  1524 | D:3      | You fall through a shaft for 2 floors!
  1524 | D:5      | Entered Level 5 of the Dungeon
  1588 | D:4      | Noticed Phong's ghost (amateur OpCj)
  1643 | D:4      | Gained mutation: Your spells are a little easier to cast, but a little less powerful. [potion of mutation]
  1643 | D:4      | Gained mutation: Your flesh is cold resistant. (rC+) [potion of mutation]
  1643 | D:4      | Killed from afar by Phong's ghost

Vault maps used:
D:1:      tarquinn_simple_flora_water_b, st_stairs_3, minmay_misc_feat_roman,
          serial_bayou_pond_d
D:2:      nicolae_overflow_hidden_temple, lemuel_doored_altar,
          hangedman_feature_mirror, okawaru_metal_pillars_1_2, uniq_jessica
D:3:      first_ration, nicolae_gozag_cash_rules_everything_around_me
D:4:      nicolae_tso_carved_into_rock, grunt_dithmenos_smoke_and_mirrors,
          roderic_batcave, tgw_kikubaaqudgha, uniq_natasha

Skill      XL: |  1  2  3  4  5 |
---------------+----------------+-----
Conjurations   | 2 3 |  3.7
Stealth        | 4 |  4.9
Air Magic      | 1 |  1.1
Dodging        | |  1.5
Spellcasting   | |  3.0
Summonings     | |  1.0
Translocations | |  1.0
Poison Magic   | |  0.8

Action                   |  1- 3 |  4- 6 || total
-------------------------+-------+-------++-------
Melee: Short sword       |     2 |     4 ||     6
       Mace              |       |     6 ||     6
       Spear             |       |     3 ||     3
 Cast: Magic Dart        |    15 |    59 ||    74
       Call Imp          |       |     7 ||     7
 Abil: Spit Poison       |    16 |    17 ||    33
  Use: Potion            |       |     3 ||     3
 Stab: Sleeping          |     2 |     4 ||     6
  Eat: Chunk             |       |     3 ||     3
Armor: Robe              |     1 |     9 ||    10
Dodge: Dodged            |     4 |    19 ||    23

Table legend:
 A = Spawn XP
 B = Non-spawn XP
 C = Spawn XP percentage of total XP
 D = Spawn monster count
 E = Non-spawn monster count
 F = Spawn count percentage of total count
 G = Total turns spent on level
                    A         B        C        D         E        F      G
               +---------+---------+-------+---------+---------+-------+---------
         Total |       0 |     198 |   0.0 |       0 |      54 |   0.0 |  1643
               +---------+---------+-------+---------+---------+-------+---------
           D:1 |       0 |      25 |   0.0 |       0 |      17 |   0.0 |   627
           D:2 |       0 |     142 |   0.0 |       0 |      27 |   0.0 |   857
           D:3 |       0 |       7 |   0.0 |       0 |       4 |   0.0 |    40
           D:4 |       0 |       9 |   0.0 |       0 |       5 |   0.0 |    93
           D:5 |       0 |      15 |   0.0 |       0 |       1 |   0.0 |    26
               +---------+---------+-------+---------+---------+-------+---------
